 Dungeon Crawl Stone Soup version 0.30-a0-58-gc0703345a7 (webtiles) character file.

Game seed: 8478545383785397307

3 drugrobin the Sneak (level 1, -3/18 HPs)
             Began as a Demigod Delver on Sept 11, 2022.
             Slain by a hound (5 damage)
             ... on level 4 of the Dungeon.
             The game lasted 00:01:20 (268 turns).

drugrobin the Sneak (Demigod Delver)                 Turns: 268, Time: 00:01:20

Health: -3/18      AC:  4    Str: 13    XL:     1   Next: 33%
Magic:  3/3        EV: 11    Int: 12    God:
Gold:   104        SH:  0    Dex: 15    Spells: 0/0 levels left

rFire   . . .      SeeInvis .    a - +0 short sword
rCold   . . .      Faith    .    (no shield)
rNeg    . . .      Spirit   .    b - +0 leather armour
rPois   .          Reflect  .    m - +1 hat
rElec   .          Harm     .    (no cloak)
rCorr   .          Rampage  .    (no gloves)
Will    .....                    (no boots)
Stlth   +++.......               (no amulet)
HPRegen 0.06/turn                (no ring)
MPRegen 0.08/turn                (no ring)

@: about to teleport, hasted, very quick
A: high MP 1, forlorn, divine attributes
a: no special abilities


You were on level 4 of the Dungeon.
You visited 1 branch of the dungeon, and saw 2 of its levels.

You collected 104 gold pieces.

Inventory:

Hand Weapons
 a - a +0 short sword (weapon)
 l - a +0 war axe
Armour
 b - a +0 leather armour (worn)
 m - a +1 hat (worn)
Wands
 g - a wand of digging (3)
Scrolls
 c - a scroll of fog
 d - 2 scrolls of magic mapping
 e - a scroll of fear
 i - a scroll of butterflies


   Skills:
 - Level 2.6 Fighting
 + Level 2.1 Short Blades
 - Level 1.7 Dodging
 - Level 4.5 Stealth


You couldn't memorise any spells.
You didn't know any spells.
Your spell library was empty.

Dungeon Overview and Level Annotations

Branches:
Dungeon (5/15)
 Temple: D:4-7


Innate Abilities, Weirdness & Mutations

You have an increased reservoir of magic. (+10% MP)
You shall have no god before yourself.
Your divine heritage dramatically boosts your attributes as you level up.


Message History

The hound bites you but does no damage. The hound bites you.
You barely miss the hound.
The hound is moderately wounded.
The hound bites you.
You closely miss the hound.
The hound is moderately wounded.
The hound bites you. x2
You miss the hound.
The hound is moderately wounded.
The hound bites you but does no damage.
You feel yourself speed up. The hound barely misses you.
The hound bites you but does no damage.
Unknown command.
As you read the scroll labelled BIRIGHUUJU, it crumbles to dust.
You hear the tinkle of a tiny bell.
It was a scroll of butterflies.
The hound closely misses you.
You swap places.
The hound completely misses your butterfly.
You swap places.
You flicker for a moment.
You hit the hound but do no damage.
The hound is moderately wounded.
The hound bites you.
You hit the hound but do no damage.
The hound is moderately wounded.
You flicker back into view.
The hound bites you.
* * * LOW HITPOINT WARNING * * *
Unknown command.
You aren't carrying any potions.
As you read the scroll labelled EROXZUO TOONI, it crumbles to dust.
It is a scroll of amnesia.
You feel forgetful for a moment. The hound bites you.
* * * LOW HITPOINT WARNING * * *
Unknown command.
Unknown command.
As you read the scroll labelled ASUSICU WOAXI, it crumbles to dust.
You feel strangely unstable.
It was a scroll of teleportation.
The hound bites you.
You die...

#.............
##.............
#..b.....#.....
##....b.......##
#..bb...#######
#.......#......
###b#.b.b...#
#.h..bb..####
#@######## ###


You could see a hound (ally target).

Vanquished Creatures
  2 kobolds (D:4)
  A ball python (D:4)
  A goblin (D:4)
4 creatures vanquished.

Notes
Turn   | Place    | Note
-------+----------+-------------------------------------------
     0 | D:5      | drugrobin the Demigod Delver began the quest for the Orb.
     0 | D:5      | Reached XP level 1. HP: 18/18 MP: 3/3
   241 | D:4      | Noticed a hound
   268 | D:4      | Slain by a hound

Illustrated notes

Levels and vault maps discovered:
D:4:      layout_rooms, grunt_temple_overflow_open
D:5:      layout_gridville, zin_statuary

Skill      XL: |  1 |
---------------+----+-----
Short Blades   | 2 |  2.1
Fighting       | |  2.6
Dodging        | |  1.7
Stealth        | |  4.5

Action                   || total
-------------------------++-------
Melee: Short sword       ||    19
  Use: Potion            ||     4
       Scroll            ||     3
Armor: Leather armour    ||     8
Dodge: Dodged            ||     6

Table legend: (Time is in decaauts)
 A = Elapsed time spent in this place.
 B = Non-inter-level travel time spent in this place.
 C = Inter-level travel time spent in this place.
 D = Time resting spent in this place.
 E = Time spent auto-exploring this place.
 F = Levels seen in this place.
 G = Mean time per level.
                   A        B        C        D        E       F      G
               +--------+--------+--------+--------+--------+-----+--------+
         Total |    263 |    263 |      0 |      0 |     87 |   2 |  131.5 |
       Dungeon |    263 |    263 |      0 |      0 |     87 |   2 |  131.5 |
               +--------+--------+--------+--------+--------+-----+--------+

Top non-repeatable levels by time:
     D:5: 143 daAuts
     D:4: 120 daAuts
